 Dungeon Crawl Stone Soup version 0.28.0-53-g5a82cb258f (webtiles) character file.

Game seed: 8359630478395354408

11531 sanboga the Severer (level 11, -3/154 HPs)
             Began as a Minotaur Berserker on July 7, 2022.
             Was an Elder of Trog.
             Slain by a ten-headed hydra (4 damage)
             ... on level 12 of the Dungeon.
             The game lasted 00:17:16 (11538 turns).

sanboga the Severer (Minotaur Berserker)           Turns: 11538, Time: 00:17:17

Health: -3/154     AC: 20    Str: 25    XL:     11   Next: 50%
Magic:  10/10      EV:  8    Int:  4    God:    Trog [****..]
Gold:   289        SH:  0    Dex: 17    Spells: 10/10 levels left

rFire   + . .      SeeInvis .   a - +0 battleaxe
rCold   . . .      Faith    .   (shield currently unavailable)
rNeg    . . .      Spirit   .   F - +0 plate armour {rF+}
rPois   .          Reflect  .   (helmet restricted)
rElec   .          Harm     .   s - +1 cloak
rCorr   .          Rampage  .   c - +0 pair of gloves
Will    .....                   o - +0 pair of boots
Stlth   ..........              g - amulet of the acrobat
HPRegen 0.35/turn               p - +6 ring of dexterity
MPRegen 0.12/turn               A - +4 ring of slaying

@: berserking, very quick
A: horns 2, retaliatory headbutt
a: Renounce Religion, Berserk, Trog's Hand, Brothers in Arms


You were on level 12 of the Dungeon.
You worshipped Trog.
Trog was greatly pleased with you.
You visited 1 branch of the dungeon, and saw 12 of its levels.

You collected 694 gold pieces.
You spent 405 gold pieces at shops.

Inventory:

Hand Weapons
 a - a +0 battleaxe (weapon)
Armour
 c - a +0 pair of gloves (worn)
 o - a +0 pair of boots (worn)
 s - a +1 cloak (worn)
 F - a +0 plate armour of fire resistance (worn)
Jewellery
 g - an amulet of the acrobat (around neck)
 p - a +6 ring of dexterity (left hand)
 A - a +4 ring of slaying (right hand)
Wands
 d - a wand of digging (11)
 h - a wand of polymorph (3)
 x - a wand of charming (13)
 y - a wand of flame (17)
 D - a wand of iceblast (3)
Scrolls
 e - 3 scrolls of enchant weapon
 f - 2 scrolls of fog
 j - a scroll of brand weapon {unknown}
 k - a scroll of magic mapping
 l - 6 scrolls of teleportation
 q - a scroll of blinking {unknown}
 r - a scroll of fear {unknown}
 w - a scroll of amnesia {unknown}
 B - a scroll of silence {unknown}
Potions
 b - 3 potions of flight
 i - 2 potions of cancellation
 m - 2 potions of invisibility
 n - 3 potions of curing
 v - a potion of might {unknown}
 z - a potion of mutation {unknown}
 C - a potion of resistance {unknown}


   Skills:
 + Level 11.6 Fighting
 * Level 15.7 Axes
 + Level 11.3 Armour
 - Level 2.1 Dodging


You had 10 spell levels left.
You didn't know any spells.
Your spell library was empty.

Dungeon Overview and Level Annotations

Branches:
Dungeon (12/15)            Temple (0/1) D:5            Lair (0/6) D:8
    Orc (0/2) D:10

Altars:
Dithmenos
Gozag
Nemelex Xobeh

Shops:
D:1 [*?!


Innate Abilities, Weirdness & Mutations

You have a pair of horns on your head.
You reflexively headbutt those who attack you in melee.


Message History

The eight-headed hydra closely misses you.
The eight-headed hydra bites you but does no damage.
The eight-headed hydra bites you!
The eight-headed hydra closely misses you.
The eight-headed hydra barely misses you.
The eight-headed hydra bites you!
* * * LOW HITPOINT WARNING * * *
The eight-headed hydra bites you but does no damage.
The eight-headed hydra bites you!
* * * LOW HITPOINT WARNING * * *
The troll bites your ogre!
Your ogre dies!
Your ogre's corpse disappears in a puff of smoke!
A red film seems to cover your vision as you go berserk!
You feel yourself moving faster!
You feel mighty!
The eight-headed hydra bites you but does no damage.
The eight-headed hydra closely misses you.
The eight-headed hydra bites you!
* * * LOW HITPOINT WARNING * * *
The eight-headed hydra bites you!
* * * LOW HITPOINT WARNING * * *
The eight-headed hydra bites you but does no damage.
The eight-headed hydra barely misses you.
The eight-headed hydra bites you but does no damage.
The eight-headed hydra bites you.
* * * LOW HITPOINT WARNING * * *
You lop one of the eight-headed hydra's heads off!
The seven-headed hydra grows two more!
You slash the nine-headed hydra! You headbutt the nine-headed hydra!
The nine-headed hydra is moderately wounded.
You hack one of the nine-headed hydra's heads off!
The eight-headed hydra grows two more!
You slice the ten-headed hydra!!
The ten-headed hydra is heavily wounded.
The ten-headed hydra bites you!
* * * LOW HITPOINT WARNING * * *
The ten-headed hydra bites you but does no damage.
The ten-headed hydra barely misses you.
The ten-headed hydra bites you but does no damage.
The ten-headed hydra bites you.
You die...

#..# ##.# #.## #..#
#+##### ###'### .......
# #.....##### ....... ##
#.....'...##.......
.#####.[...###..#..>....
.....'.....# ##.@DT.....
######.....# ###.......
#.....# ....... #######
....... ....... .......
#######


You could see a ten-headed hydra and a troll.

Vanquished Creatures
  2 centaur warriors (D:10)
  2 two-headed ogres
  A manticore (D:10)
  2 unseen horrors
  A troll (D:10)
  A meliai zombie (D:11)
  A shadow (D:12)
  A vampire (D:11)
  12 yaks
  2 wraiths (D:11)
  2 steam dragons (D:8)
  An acid dragon (D:10)
  A water moccasin (D:5)
  10 orc warriors
  An ice beast (D:8)
  A black bear (D:5)
  A sky beast (D:5)
  3 ogres
  4 centaurs
  2 phantoms (D:5)
  A bullfrog (D:9)
  2 kobold brigands
  2 gnoll sergeants
  3 scorpions
  A wyvern skeleton (D:7)
  12 killer bees
  4 orc priests
  6 centaur zombies
  2 jellies
  2 bullfrog skeletons
  Crazy Yiuf (D:4)
  A centaur skeleton (D:4)
  2 iguanas
  3 orc wizards
  Terence (D:3)
  A centaur simulacrum (D:10)
  A hound skeleton (D:4)
  2 howler monkey zombies
  9 gnolls
  6 adders
  A shadow imp (D:7)
  A white imp (D:8)
  An ufetubus (D:5)
  3 worms
  2 dart slugs (D:1)
  33 orcs
  5 endoplasms (D:2)
  4 giant cockroaches
  5 hobgoblins
  3 quokkas
  9 ball pythons
  3 bats
  5 frilled lizards
  3 goblins
  11 kobolds
  8 rats
210 creatures vanquished.

Vanquished Creatures (collateral kills)
  A hydra (D:12)
1 creature vanquished.

Vanquished Creatures (others)
  An ufetubus (D:5)
  A fungus (D:4)
2 creatures vanquished.

Grand Total: 213 creatures vanquished

Notes
Turn   | Place    | Note
-------+----------+-------------------------------------------
     0 | D:1      | sanboga the Minotaur Berserker began the quest for the Orb.
     0 | D:1      | Reached XP level 1. HP: 19/19 MP: 0/0
    36 | D:1      | Found Nezuwn's Magic Scroll Shop.
   394 | D:1      | Found Bucoa's General Store.
   432 | D:1      | Reached skill level 4 in Axes
   432 | D:1      | Reached XP level 2. HP: 27/27 MP: 1/1
   466 | D:1      | Bought a scroll of identify for 20 gold pieces
   551 | D:1      | Found Xoclaeg's Antique Armour Boutique.
   726 | D:1      | Found Iperaop's Distillery.
   735 | D:1      | Bought a potion of degeneration for 12 gold pieces
  1320 | D:1      | Bought a scroll of fog for 20 gold pieces
  1469 | D:2      | Reached XP level 3. HP: 33/33 MP: 2/2
  1560 | D:2      | Found a faded altar of an unknown god.
  1652 | D:1      | Bought a potion of flight for 36 gold pieces
  1720 | D:2      | Found a sparkling altar of Nemelex Xobeh.
  1725 | D:2      | Reached ** piety under Trog
  1867 | D:1      | Bought a scroll of teleportation for 30 gold pieces
  2044 | D:3      | Reached skill level 5 in Axes
  2044 | D:3      | Reached XP level 4. HP: 41/41 MP: 3/3
  2055 | D:3      | You fall into a shaft and drop 3 floors!
  2055 | D:6      | Noticed an ogre
  2055 | D:6      | Noticed a scorpion
  2055 | D:6      | Noticed a sky beast
  2055 | D:6      | Noticed a scorpion
  2058 | D:5      | Entered Level 5 of the Dungeon
  2064 | D:5      | Killed a sky beast
  2064 | D:5      | Killed a scorpion
  2065 | D:5      | Reached skill level 5 in Fighting
  2065 | D:5      | Reached skill level 6 in Axes
  2065 | D:5      | Reached XP level 5. HP: 41/48 MP: 4/4
  2311 | D:5      | Noticed a centaur
  2318 | D:5      | Killed a centaur
  2319 | D:5      | Reached XP level 6. HP: 56/56 MP: 5/5
  2650 | D:3      | Noticed Terence
  2656 | D:3      | Killed Terence
  2657 | D:3      | Reached skill level 7 in Axes
  3310 | D:1      | Bought a potion of magic for 96 gold pieces
  3740 | D:1      | Bought a potion of curing for 36 gold pieces
  3983 | D:4      | Reached XP level 7. HP: 61/62 MP: 6/6
  4043 | D:4      | Found an opulent altar of Gozag.
  4065 | D:4      | Reached skill level 5 in Armour
  4321 | D:4      | Found a runed translucent door.
  4322 | D:4      | Noticed Crazy Yiuf
  4327 | D:4      | Killed Crazy Yiuf
  4334 | D:4      | Identified the +6 mace "Imiv" {spect, rF+}
  4489 | D:1      | Bought a potion of lignification for 36 gold pieces
  4882 | D:5      | Reached skill level 8 in Axes
  5019 | D:5      | Found a staircase to the Ecumenical Temple.
  5349 | D:5      | Reached XP level 8. HP: 69/71 MP: 7/7
  5539 | D:1      | Bought a potion of brilliance for 48 gold pieces
  5708 | D:6      | Reached skill level 9 in Axes
  6337 | D:7      | Reached *** piety under Trog
  6792 | D:8      | Found a staircase to the Lair.
  7001 | D:1      | Bought a scroll of immolation for 35 gold pieces
  7183 | D:8      | Noticed a two-headed ogre
  7193 | D:8      | Reached skill level 10 in Axes
  7196 | D:8      | Killed a two-headed ogre
  7197 | D:8      | Reached skill level 11 in Axes
  7197 | D:8      | Reached XP level 9. HP: 81/81 MP: 8/8
  8053 | D:9      | Reached skill level 12 in Axes
  8311 | D:1      | Bought a potion of attraction for 36 gold pieces
  9024 | D:9      | Reached XP level 10. HP: 91/91 MP: 9/9
  9156 | D:10     | Entered Level 10 of the Dungeon
  9172 | D:10     | Reached **** piety under Trog
  9270 | D:10     | Reached skill level 13 in Axes
  9624 | D:10     | Found a staircase to the Orcish Mines.
  9638 | D:10     | Reached skill level 10 in Fighting
  9865 | D:10     | Noticed a manticore
  9868 | D:10     | Noticed a centaur warrior
  9870 | D:10     | Killed a manticore
  9871 | D:10     | Reached skill level 14 in Axes
  9871 | D:10     | Reached skill level 10 in Armour
  9874 | D:10     | Killed a centaur warrior
  9979 | D:10     | Noticed a centaur warrior
  9984 | D:10     | Killed a centaur warrior
 10345 | D:11     | Reached XP level 11. HP: 79/101 MP: 10/10
 10657 | D:11     | Noticed a two-headed ogre
 10666 | D:11     | Killed a two-headed ogre
 10667 | D:11     | Reached skill level 15 in Axes
 10920 | D:11     | Found a shadowy altar of Dithmenos.
 11367 | D:12     | Noticed a four-headed hydra
 11391 | D:12     | Killed a four-headed hydra
 11528 | D:12     | Noticed a seven-headed hydra
 11538 | D:12     | HP: 1/154 [ten-headed hydra (8)]
 11538 | D:12     | Slain by a ten-headed hydra

Illustrated notes

Levels and vault maps discovered:
D:1:      nzn_arrival_depleted_hourglass, layout_loops_ring, serial_shops, shop,
          nicolae_shop_hallway_stairs, shop_fountains, nicolae_shop_behind_doors
D:2:      layout_basic, ebering_ecumenical_altar_webs, basic_altar,
          minmay_vboxes
D:3:      layout_loops_ring, uniq_terence
D:4:      layout_gridville, mainiacjoe_overflow_alcove_4,
          uniq_crazy_yiuf_cottage
D:5:      layout_cave_pools, temple_fountains, nrook_mini_vaults
D:6:      layout_gridville
D:7:      layout_loops_cross
D:8:      layout_cave_pools, lair_entry_dummy
D:9:      layout_basic
D:10:     minmay_blocky_corners, layout_rooms, orc_0_dummy,
          chequers_serial_rivers_micro_a, minmay_misc_feat_secret_circle
D:11:     layout_long_grid, nicolae_dithmenos_through_a_glass_darkly
D:12:     layout_roguey [special_room_orc]

Skill      XL: |  1  2  3  4  5  6  7  8  9 10 11 |
---------------+----------------------------------+-----
Axes           | 4 5 6 7 8 11 12 14 15 | 15.7
Fighting       | 4 5 6 8 9 10 11 | 11.6
Armour         | 3 4 6 7 9 10 11 | 11.3
Dodging        | |  2.1

Action                   |  1- 3 |  4- 6 |  7- 9 | 10-12 || total
-------------------------+-------+-------+-------+-------++-------
Melee: Hand axe          |    90 |    53 |   147 |       ||   290
       Headbutt          |    13 |    10 |    51 |    31 ||   105
       Punch             |       |       |     3 |       ||     3
       War axe           |       |       |    75 |       ||    75
       Battleaxe         |       |       |     5 |   125 ||   130
       Unarmed           |       |       |     4 |       ||     4
Invok: Berserk           |     2 |     3 |     7 |     4 ||    16
       Brothers in Arms  |       |       |       |     2 ||     2
Evoke: Wand              |       |       |       |     1 ||     1
  Use: Scroll            |     3 |       |     3 |     1 ||     7
       Potion            |       |       |       |     1 ||     1
 Stab: Sleeping          |     1 |       |       |       ||     1
Armor: Animal skin       |    15 |       |       |       ||    15
       Chain mail        |    11 |    33 |    16 |       ||    60
       Plate armour      |       |       |   116 |   139 ||   255
       Skin              |       |       |     2 |       ||     2
Dodge: Dodged            |    66 |    41 |   135 |   110 ||   352
